AoeStats
← ZamSerg

Arena

505983604Analyzed
4v4 RM · 21d ago on Sep 11, 2026· 59m 22s· 8 players
Game mode
Random Map
Map size
Large (8 player)
Population
200
Speed
Normal
Resources
Standard
Victory
Conquest
Starting age
Dark Age
Ending age
Imperial Age
RankedLock teamsTeams togetherTeam positionsShared explorationLock speedFull tech treeHidden civsTurbo modeCheats
Victory
Defeat
🇺🇸 Inca · United States
1259
+14
🇲🇽 Malians · Mexico
1243
+15
🇨🇱 Italians · Chile
1221
+16
🇷🇺 Armenians · Russia
1200
+17
🇦🇷 Cumans · Argentina
1367
-21
🇦🇷 Bulgarians · Argentina
1287
-18
🇦🇷 Persians · Argentina
1134
-12
🇦🇷 Franks · Argentina
1095
-11
Naco y Estúpido
11:54 Feudal Age
15:44 Castle Age
14:18 Double-Bit Axe
14:14 Horse Collar
16:01 Loom
19:27 Loom
24:44 Heavy Plow
24:58 Bow Saw
30:22 Wheelbarrow
32:50 Fletching
34:10 Hand Cart
34:41 Forging
34:31 Scale Mail Armor
35:58 Iron Casting
35:46 Bodkin Arrow
36:47 Scale Barding Armor
37:28 Town Watch
38:39 Bloodlines
38:29 Husbandry
39:07 Chain Barding Armor
40:06 Town Watch
40:57 Town Patrol
44:06 Imperial Age
42:57 Gold Mining
42:57 Stone Mining
45:27 Plate Barding Armor
44:46 Heavy Camel Rider
47:46 Stone Shaft Mining
47:46 Gold Shaft Mining
49:13 Farimba
49:34 Conscription
49:19 Elite Gbeto
51:17 Herbal Medicine
51:50 Chain Mail Armor
52:14 Elite Gbeto
53:46 Ballistics
54:27 Chemistry
53:37 Masonry
53:07 Treadmill Crane
54:57 Plate Mail Armor
55:53 Hoardings
55:59 Hoardings
57:27 Architecture
-DOKO-
9:48 Feudal Age
13:45 Castle Age
12:37 Double-Bit Axe
16:44 Loom
22:15 Bow Saw
22:42 Wheelbarrow
21:56 Town Watch
25:43 Fletching
28:29 Bodkin Arrow
31:43 Imperial Age
29:38 Gold Mining
29:35 Horse Collar
30:22 Stone Mining
33:08 Conscription
32:50 Bracer
33:13 Ballistics
34:47 Chemistry
34:45 Padded Archer Armor
38:14 Leather Archer Armor
38:07 Thumb Ring
38:31 Elite Genoese Crossbowman
48:57 Onager
53:01 Masonry
52:46 Murder Holes
53:02 Fortified Wall
52:37 Treadmill Crane
53:22 Bombard Tower
58:31 Ring Archer Armor
ZamSerg
11:11 Feudal Age
14:51 Castle Age
13:13 Double-Bit Axe
13:53 Horse Collar
15:53 Bow Saw
16:40 Heavy Plow
18:31 Gold Mining
20:08 Man-at-Arms
21:03 Gambesons
21:18 Squires
22:38 Long Swordsman
24:29 Two-Handed Swordsman
26:02 Scale Mail Armor
28:02 Chain Mail Armor
27:58 Forging
30:26 Gold Shaft Mining
29:47 Stone Mining
32:52 Imperial Age
30:59 Wheelbarrow
30:11 Loom
30:12 Town Watch
31:20 Iron Casting
30:35 Fletching
31:53 Pikeman
32:56 Champion
33:20 Capped Ram
34:11 Champion
35:14 Siege Ram
37:46 Plate Mail Armor
38:16 Blast Furnace
38:39 Fereters
38:55 Conscription
38:52 Onager
40:15 Hand Cart
42:49 Halberdier
43:48 Bodkin Arrow
43:54 Padded Archer Armor
46:54 Bracer
47:09 Leather Archer Armor
47:19 Ballistics
48:00 Chemistry
OfFspRlNg
11:13 Feudal Age
13:24 Horse Collar
13:31 Double-Bit Axe
15:54 Castle Age
17:00 Champi Runner
25:51 Fletching
26:38 Crossbowman
27:34 Bodkin Arrow
30:35 Bow Saw
30:28 Heavy Plow
31:34 Padded Archer Armor
33:46 Loom
37:26 Imperial Age
35:33 Ballistics
36:48 Thumb Ring
37:32 Arbalester
38:15 Bracer
39:20 Chemistry
38:52 Scale Mail Armor
42:18 Elite Kamayuk
52:24 Chain Mail Armor
57:46 Stone Mining
59:05 Plate Mail Armor
60:19 Conscription
zeta
11:29 Feudal Age
12:53 Loom
13:43 Wheelbarrow
14:33 Horse Collar
18:26 Castle Age
16:50 Double-Bit Axe
17:02 Gold Mining
21:22 Hand Cart
22:02 Husbandry
24:29 Scale Barding Armor
30:16 Forging
30:27 Chain Barding Armor
32:49 Bow Saw
33:17 Bloodlines
41:54 Iron Casting
44:07 Imperial Age
45:35 Blast Furnace
45:11 Plate Barding Armor
45:04 Conscription
46:04 Murder Holes
46:30 Ballistics
46:11 Cavalier
46:13 Heavy Camel Rider
46:42 Crossbowman
47:27 Thumb Ring
47:02 Light Cavalry
47:16 Elite Skirmisher
50:20 Savar
54:44 Two-Man Saw
54:02 Onager
Mono
10:18 Feudal Age
11:13 Double-Bit Axe
15:04 Loom
19:39 Wheelbarrow
24:16 Castle Age
22:19 Padded Archer Armor
22:22 Scale Mail Armor
23:22 Horse Collar
23:33 Gold Mining
25:17 Bow Saw
25:35 Chain Mail Armor
25:06 Gambesons
25:24 Squires
25:37 Arson
27:10 Forging
27:14 Scale Barding Armor
27:43 Town Watch
28:53 Gold Shaft Mining
28:23 Heavy Plow
29:18 Chain Barding Armor
29:09 Bloodlines
29:50 Bloodlines
30:46 Husbandry
33:50 Stone Mining
35:16 Stirrups
39:51 Imperial Age
37:41 Hand Cart
38:57 Stone Shaft Mining
38:42 Fletching
39:27 Iron Casting
40:34 Ballistics
41:12 Plate Barding Armor
39:58 Cavalier
40:59 Conscription
40:14 Onager
41:16 Bodkin Arrow
43:36 Bracer
43:37 Padded Archer Armor
45:37 Blast Furnace
44:53 Leather Archer Armor
44:46 Thumb Ring
44:01 Elite Skirmisher
45:50 Chemistry
45:03 Masonry
45:44 Elite Konnik
46:44 Town Patrol
50:06 Crop Rotation
49:26 Pikeman
50:17 Bagains
50:57 Plate Mail Armor
50:05 Light Cavalry
50:34 Halberdier
espi
11:37 Feudal Age
16:51 Castle Age
16:13 Stone Mining
18:28 Scale Mail Armor
18:27 Gold Mining
18:50 Double-Bit Axe
26:49 Wheelbarrow
26:30 Bow Saw
26:32 Forging
27:28 Gold Shaft Mining
29:00 Chain Mail Armor
31:50 Imperial Age
30:46 Iron Casting
30:41 #83
31:42 Iron Casting
31:43 Hand Cart
35:31 Elite Throwing Axeman
38:55 Padded Archer Armor
38:46 Fletching
38:41 Elite Skirmisher
39:43 Leather Archer Armor
40:28 Ballistics
40:39 Bodkin Arrow
42:17 Chemistry
Palomo Usuriaga
6:14 Loom
8:46 Feudal Age
10:31 Double-Bit Axe
13:55 Horse Collar
22:13 Gold Mining
22:14 Stone Mining
22:31 Scale Barding Armor
24:44 Castle Age
23:18 Scale Barding Armor
23:09 Gold Mining
23:51 Stone Mining
28:51 Imperial Age
27:14 Wheelbarrow
27:17 Bloodlines
27:28 Chain Barding Armor
27:19 Forging
28:13 Bow Saw
28:05 Heavy Plow
29:02 Iron Casting
28:47 Hand Cart
29:15 Town Watch
29:59 Conscription
31:16 Gold Shaft Mining
31:24 Plate Barding Armor
32:32 Elite Steppe Lancer
34:14 Blast Furnace
37:07 Capped Ram
37:58 Fletching
38:09 Padded Archer Armor
38:40 Siege Ram
42:11 Two-Man Saw
41:43 Crop Rotation
42:05 Bodkin Arrow
42:26 Leather Archer Armor
42:33 Ballistics
43:13 Chemistry
43:21 Light Cavalry
44:33 Ring Archer Armor
44:37 Thumb Ring
44:57 Parthian Tactics
44:10 Hussar
46:06 Steppe Husbandry
47:14 Elite Kipchak
Connection lost

Rejoining the realm…

Still unreachable

The connection could not be restored.

Session expired

The server has moved on; the page needs a fresh start.